 Dungeon Crawl Stone Soup version 0.29.1-12-g30fa7ad0bf (webtiles) character file.

Game seed: 4164650755829277253

4 nachturnus the Slasher (level 1, 0/18 HPs)
             Began as a Merfolk Berserker on Dec 30, 2022.
             Was a Follower of Trog.
             Slain by a jackal (2 damage)
             ... on level 1 of the Dungeon.
             The game lasted 00:01:00 (454 turns).

nachturnus the Slasher (Merfolk Berserker)           Turns: 454, Time: 00:01:00

Health: 0/18       AC:  2    Str: 17    XL:     1   Next: 60%
Magic:  1/1        EV: 12    Int:  6    God:    Trog [*.....]
Gold:   31         SH:  0    Dex: 13    Spells: 0/0 levels left

rFire   . . .      SeeInvis .   a - +0 falchion
rCold   . . .      Faith    .   (no shield)
rNeg    . . .      Spirit   .   b - +0 animal skin
rPois   .          Reflect  .   (no helmet)
rElec   .          Harm     .   (no cloak)
rCorr   .          Rampage  .   (no gloves)
Will    .....                   (no boots)
Stlth   +.........              (no amulet)
HPRegen 0.06/turn               (no ring)
MPRegen 0.07/turn               (no ring)

@: no status effects
A: (nimble swimmer 2), mertail
a: Renounce Religion, Berserk


You were on level 1 of the Dungeon.
You worshipped Trog.
Trog was aware of your devotion.
You visited 1 branch of the dungeon, and saw 1 of its levels.

You collected 31 gold pieces.

Inventory:

Hand Weapons
 a - a +0 falchion (weapon)
Armour
 b - a +0 animal skin (worn)
Scrolls
 d - a scroll of teleportation {unknown}
Potions
 c - a potion of flight {unknown}


   Skills:
 + Level 3.3 Fighting
 + Level 3.7 Long Blades
 + Level 1.5 Armour
 + Level 2.8 Dodging


You couldn't memorise any spells.
You didn't know any spells.
Your spell library was empty.

Dungeon Overview and Level Annotations

Branches:
Dungeon (1/15)

Altars:


Innate Abilities, Weirdness & Mutations

((You are very nimble when in or above water. (Stealth+, EV+, Speed+++)))
Your lower body shifts to a powerful aquatic tail in water.


Message History

The kobold is heavily wounded.
A jackal comes into view.
The kobold hits you with a +0 club.
You hit the kobold.
The kobold is severely wounded.
The kobold hits you with a +0 club. The kobold attacks as you move away!
The kobold hits you with a +0 club. The jackal completely misses you.
The kobold attacks as you move away! The kobold misses you.
The jackal attacks as you move away! The jackal barely misses you.
The jackal bites you but does no damage.
The jackal attacks as you move away! The jackal bites you.
The kobold hits you but does no damage.
A jackal comes into view.
The kobold attacks as you move away! The kobold closely misses you.
The jackal barks!
The giant cockroach closely misses you. The jackal barely misses you.
The jackal bites you but does no damage.
The jackal bites you.
The giant cockroach attacks as you move away!
The giant cockroach barely misses you. The kobold hits you with a +0 dagger.
The giant cockroach completely misses you.
The kobold attacks as you move away! The kobold closely misses you.
The kobold barely misses you. The jackal barely misses you.
The kobold attacks as you move away! The kobold hits you with a +0 dagger.
* * * LOW HITPOINT WARNING * * *
The giant cockroach bites you but does no damage.
The giant cockroach attacks as you move away!
The giant cockroach bites you but does no damage.
The jackal bites you.
* * * LOW HITPOINT WARNING * * *
The jackal bites you.
* * * LOW HITPOINT WARNING * * *
The giant cockroach bites you.
* * * LOW HITPOINT WARNING * * *
The giant cockroach bites you but does no damage.
The giant cockroach attacks as you move away!
The giant cockroach misses you. The jackal bites you.
You die...

.................# #.#
........h.....##.## #.#
..................#####.#
.........#h.......#.....#
##########KK......#.#####
##.r......#.#
#B.##.....#.#
#h#########.#
#h@.........#
#############


You could see 2 jackals and a giant cockroach.

Vanquished Creatures
  An endoplasm (D:1)
  A bat (D:1)
  A frilled lizard (D:1)
  A kobold (D:1)
  A rat (D:1)
5 creatures vanquished.

Vanquished Creatures (others)
  4 toadstools (D:1)
4 creatures vanquished.

Grand Total: 9 creatures vanquished

Notes
Turn   | Place    | Note
-------+----------+-------------------------------------------
     0 | D:1      | nachturnus the Merfolk Berserker began the quest for the
                  | Orb.
     0 | D:1      | Reached XP level 1. HP: 18/18 MP: 1/1
   454 | D:1      | Slain by a jackal

Illustrated notes

Levels and vault maps discovered:
D:1:      ldierk_walled_garden_2, layout_rooms, serial_co_window_serial,
          co_window_of_opportunity_a, co_window_of_opportunity_a,
          co_window_of_opportunity_a, co_window_corner_a, co_window_corner_a,
          co_window_cross_2, co_window_2corner, co_window_unsneaky_path_d,
          co_window_corner_b, co_window_sun, glass_columns_c, glass_columns_a,
          glass_columns_a

Action                   || total
-------------------------++-------
Melee: Falchion          ||    12
Armor: Animal skin       ||     9
Dodge: Dodged            ||    19
